 Dungeon Crawl Stone Soup version 0.27-a0-1217-g8a41f320e8 (webtiles) character file.

Game seed: 15813638173183007170

53 polve the Cutter (level 3, -4/29 HPs)
             Began as a Demonspawn Abyssal Knight on June 5, 2021.
             Was a Follower of Lugonu.
             Slain by a gnoll
             ... wielding a +0 flail
              (6 damage)
             ... on level 2 of the Dungeon.
             The game lasted 00:04:33 (2622 turns).

polve the Cutter (Demonspawn Abyssal Knight)        Turns: 2622, Time: 00:04:34

Health: -4/29      AC:  3    Str: 12    XL:     3   Next: 64%
Magic:  4/4        EV: 11    Int: 14    God:    Lugonu [*.....]
Gold:   30         SH:  0    Dex: 12    Spells: 1/2 levels left

rFire    . . .     SeeInvis .   a - +1 short sword
rCold    . . .     Faith    .   (no shield)
rNeg     . . .     Spirit   .   b - +0 leather armour
rPois    .         Reflect  .   (no helmet)
rElec    .         Harm     .   (no cloak)
rCorr    .         Rampage  .   (no gloves)
Will     .....                  (no boots)
Stlth    +.........             (no amulet)
HPRegen  0.09/turn              (no ring)
MPRegen  0.18/turn              (no ring)

@: no status effects
A: magic regeneration
a: Renounce Religion, Depart the Abyss


You were on level 2 of the Dungeon.
You worshipped Lugonu.
Lugonu was aware of your devotion.
You visited 1 branch of the dungeon, and saw 2 of its levels.
You visited the Abyss 1 time.

You collected 30 gold pieces.

Inventory:

Hand Weapons
 a - a +1 short sword (weapon)
Armour
 b - a +0 leather armour (worn)
 h - a +1 cloak of stealth
Scrolls
 c - a scroll of blinking {unknown}
 d - 4 scrolls of identify {unknown}
 f - a scroll of enchant weapon {unknown}
 j - a scroll of immolation {unknown}
Potions
 e - a potion of flight {unknown}
 g - a potion of mutation {unknown}
 i - a potion of curing


   Skills:
 - Level 3.0 Fighting
 - Level 3.2 Short Blades
 - Level 1.7 Armour
 - Level 0.8 Dodging
 + Level 1.9 Necromancy
 - Level 2.4 Invocations


You had one spell level left.
You knew the following spells:

 Your Spells              Type           Power      Damage    Failure   Level
a - Pain                  Necr           20%        1d5       17%         1

Your spell library contained the following spells:

 Spells                   Type           Power      Damage    Failure   Level
 Animate Skeleton         Necr           10%        N/A       17%         1
 Vampiric Draining        Necr           2%         2d6       45%         3
 Confusing Touch          Hex            0%         N/A       73%         3
 Gell's Gravitas          Tloc           0%         N/A       73%         3
 Animate Dead             Necr           2%         N/A       86%         4
 Petrify                  Tmut/Erth      0%         N/A       98%         4
 Agony                    Necr           5%         N/A       99%         5
 Metabolic Englaciation   Hex/Ice        0%         N/A       100%        5
 Yara's Violent Unravell  Hex/Tmut       0%         3d3       100%        5


Dungeon Overview and Level Annotations

Branches:
Dungeon (2/15)

Altars:


Innate Abilities, Weirdness & Mutations

You regenerate magic rapidly.


Message History

A gnoll comes into view. It is wielding a +0 flail.
The gnoll shouts!
You hear a shout!
A gnoll comes into view. It is wielding a +0 whip.
Things that are here:
a +0 dagger; a goblin corpse; a rat corpse You swing at nothing.
You hit the gnoll.
The gnoll is lightly wounded.
The gnoll hits you with a +0 flail.
You hit the gnoll but do no damage.
The gnoll is lightly wounded.
The gnoll closely misses you.
You hit the gnoll.
The gnoll is lightly wounded.
The gnoll closely misses you.
You hit the gnoll.
The gnoll is moderately wounded.
The gnoll hits you but does no damage.
You hit the gnoll but do no damage.
The gnoll is moderately wounded.
You closely miss the gnoll.
The gnoll is moderately wounded.
The gnoll hits you with a +0 flail!
You hit the gnoll but do no damage.
The gnoll is moderately wounded.
The gnoll hits you with a +0 flail!
You hit the gnoll.
The gnoll is heavily wounded.
The gnoll barely misses you.
You hit the gnoll.
The gnoll is severely wounded.
The gnoll barely misses you.
You hit the gnoll but do no damage.
The gnoll is severely wounded.
The gnoll hits you with a +0 flail!
* * * LOW HITPOINT WARNING * * *
You hit the gnoll.
The gnoll is severely wounded.
The gnoll hits you with a +0 flail.
You die...

# ## # ###..
.... #..g
#... #...
#...
#...#########
#...)gg@....#
###.#####.#.#
####. #.#h#
#.... #.#.#
#.### #.#.#
#.# #.#.# #.#
#.#.# #.#
#.#.# ##.##
#.#.#


You could see 2 gnolls.

Vanquished Creatures
  An adder (D:2)
  2 worms (D:2)
  3 ball pythons (D:1)
  A bat (D:1)
  5 endoplasms
  2 goblins
  5 hobgoblins
  6 jackals
  A quokka (D:1)
  A frilled lizard (D:1)
  5 kobolds
  2 rats (D:2)
34 creatures vanquished.

Notes
Turn   | Place    | Note
-------+----------+-------------------------------------------
     0 | Abyss:1  | polve the Demonspawn Abyssal Knight began the quest for the
                  | Orb.
     0 | Abyss:1  | Reached XP level 1. HP: 18/18 MP: 2/2
    34 | Abyss:2  | Noticed a small abomination
    39 | D:1      | Escaped the Abyss
   692 | D:1      | Gained mutation: You regenerate magic rapidly. [demonic
                  | ancestry]
   692 | D:1      | Reached XP level 2. HP: 23/24 MP: 3/3
   917 | D:1      | Reached * piety under Lugonu
  1731 | D:2      | Reached XP level 3. HP: 22/29 MP: 4/4
  1818 | D:2      | Learned a level 1 spell: Pain
  2139 | D:2      | Reached skill level 1 in Necromancy
  2146 | D:2      | HP: 1/29 [poisoned by an adder]
  2622 | D:2      | Slain by a gnoll

Illustrated notes

Levels and vault maps discovered:
D:1:      lightli_arrival_farm, layout_basic, chequers_serial_rivers_micro_b
D:2:      layout_loops_ring, hangedman_glass_teeth

Skill      XL: |  1  2  3 |
---------------+----------+-----
Short Blades   | 2 3 |  3.2
Necromancy     | 1 |  1.9
Fighting       | |  3.0
Armour         | |  1.7
Dodging        | |  0.8
Invocations    | |  2.4

Action                   || total
-------------------------++-------
Melee: Short sword       ||   153
Invok: Depart the Abyss  ||     1
  Use: Potion            ||     1
Armor: Leather armour    ||    22
Dodge: Dodged            ||    82

Table legend: (Time is in decaauts)
 A = Elapsed time spent in this place.
 B = Non-inter-level travel time spent in this place.
 C = Inter-level travel time spent in this place.
 D = Time resting spent in this place.
 E = Time spent auto-exploring this place.
 F = Levels seen in this place.
 G = Mean time per level.
                   A        B        C        D        E       F      G
               +--------+--------+--------+--------+--------+-----+--------+
         Total |   2638 |   2614 |     24 |      0 |   2237 |   4 |  659.5 |
       Dungeon |   2600 |   2576 |     24 |      0 |   2214 |   2 | 1300.0 |
         Abyss |     38 |     38 |      0 |      0 |     23 |   2 |   19.0 |
               +--------+--------+--------+--------+--------+-----+--------+

Top non-repeatable levels by time:
     D:1: 1359 daAuts
     D:2: 1240 daAuts
 Abyss:2: 19 daAuts
 Abyss:1: 19 daAuts
